 Dungeon Crawl Stone Soup version 0.21-a0-529-g8c7b3f5 (webtiles) character file.

65 slep the Chopper (level 3, 0/27 HPs)
             Began as a Demonspawn Gladiator on Dec 10, 2017.
             Slain by a worm (6 damage)
             ... on level 2 of the Dungeon.
             The game lasted 00:03:21 (966 turns).

slep the Chopper (Demonspawn Gladiator)              Turns: 966, Time: 00:03:21

Health: 0/27       AC:  4    Str: 15    XL:     3   Next: 94%
Magic:  3/3        EV: 15    Int:  9    God:
Gold:   94         SH:  0    Dex: 14    Spells: 2/2 levels left

rFire    x . .     SeeInvis .   a - +0 war axe
rCold    + . .     Gourm    .   (no shield)
rNeg     . . .     Faith    .   b - +0 leather armour
rPois    .         Spirit   .   (helmet restricted)
rElec    .         Reflect  .   (no cloak)
rCorr    .         Harm     .   h - +0 pair of gloves (curse)
MR       .....                  (no boots)
Stlth    +.........             (no amulet)
HPRegen  0.09/turn              i - ring of ice
MPRegen  0.08/turn              l - +2 ring of evasion

@: no status effects
A: claws 1, horns 1
a: no special abilities


You were on level 2 of the Dungeon.
You were not hungry.

You visited 1 branch of the dungeon, and saw 2 of its levels.

You collected 94 gold pieces.

Inventory:

Hand Weapons
 a - a +0 war axe (weapon)
Missiles
 d - 3 throwing nets (quivered)
Armour
 b - a +0 leather armour (worn)
 c - a +0 helmet
 h - a cursed +0 pair of gloves (worn)
Jewellery
 i - a ring of ice (left hand)
 l - a +2 ring of evasion (right hand)
Scrolls
 j - 3 scrolls of teleportation {unknown}
 k - a scroll of amnesia {unknown}
Potions
 e - a potion of haste {unknown}
 g - 2 potions of heal wounds {unknown}
Comestibles
 f - 2 bread rations


   Skills:
 + Level 2.1 Fighting
 + Level 3.8 Axes
 + Level 2.1 Throwing
 + Level 0.5 Armour
 + Level 3.0 Dodging


You had 2 spell levels left.
You didn't know any spells.

Dungeon Overview and Level Annotations

Branches:
Dungeon (2/15)

Altars:


Innate Abilities, Weirdness & Mutations

You have sharp fingernails.
You have a pair of small horns on your head.


Message History

The goblin shouts!
A worm comes into view.
You closely miss the kobold. The kobold hits you with a club.
* * * LOW HITPOINT WARNING * * *
You slash the kobold!
You kill the kobold!
You hit the goblin.
You kill the goblin!
You see here 10 gold pieces.
You now have 94 gold pieces (gained 10).
You see here a spear.
You barely miss the worm. You headbutt the worm!
The worm is moderately wounded.
The worm closely misses you.
You hit the worm.
The worm is heavily wounded.
You hit the worm.
The worm is severely wounded.
The worm bites you.
You die...

#.......#.## #....### .
#.......#..##.......##.
#.............# #.#..
#............## #.#.#
#..........#.# ####.#.#
#..........#.###.......
#.............##.......
#.....w................
#.....@.........)......
####.#######....†#..#..
#. #..#......... #.
#......##...... ..
................ .
..#..########### ....#
..## .


You could see a worm.

Vanquished Creatures
  An adder (D:2)
  5 dart slugs (D:1)
  A leopard gecko (D:2)
  A giant cockroach (D:2)
  5 goblins
  6 hobgoblins
  4 jackals (D:1)
  A quokka (D:2)
  5 bats
  A frilled lizard (D:1)
  6 kobolds
  5 rats
41 creatures vanquished.

Notes
Turn   | Place    | Note
-------+----------+-------------------------------------------
     0 | D:1      | slep the Demonspawn Gladiator began the quest for the Orb.
     0 | D:1      | Reached XP level 1. HP: 16/16 MP: 1/1
   102 | D:1      | Gained mutation: You have sharp fingernails. [demonic ancestry]
   102 | D:1      | Reached XP level 2. HP: 8/22 MP: 2/2
   401 | D:1      | Gained mutation: You have a pair of small horns on your head. [demonic ancestry]
   401 | D:1      | Reached XP level 3. HP: 22/27 MP: 3/3
   966 | D:2      | Slain by a worm

Vault maps used:
D:1:      saegor_arrival_simple_d, hangedman_decor_points

Skill      XL: |  1  2  3 |
---------------+----------+-----
Axes           | 3 |  3.8
Throwing       | 2 |  2.1
Dodging        | 3 |  3.0
Fighting       | |  2.1
Armour         | |  0.5

Action                   || total
-------------------------++-------
Melee: War axe           ||    99
       Headbutt          ||     7
Armor: Leather armour    ||    38
Dodge: Dodged            ||   104

Table legend:
 A = Spawn XP
 B = Non-spawn XP
 C = Spawn XP percentage of total XP
 D = Spawn monster count
 E = Non-spawn monster count
 F = Spawn count percentage of total count
 G = Total turns spent on level
                    A         B        C        D         E        F      G
               +---------+---------+-------+---------+---------+-------+---------
         Total |       0 |      94 |   0.0 |       0 |      41 |   0.0 |   966
               +---------+---------+-------+---------+---------+-------+---------
           D:1 |       0 |      54 |   0.0 |       0 |      25 |   0.0 |   773
           D:2 |       0 |      40 |   0.0 |       0 |      16 |   0.0 |   193
               +---------+---------+-------+---------+---------+-------+---------
